Swag, lawful female dwarven Valkyrie # ----- -|------- |...-# |.......| ------------ ##+...|# |.......| |..........| # -----# #........| |..........| ### # ###-.--.--|- |..........-#########################`eG#x#### |.>........|### # ### #### %## # ------+-|---# # # ## @ ### ^ # ## # # #####o###############`######## ###### ### # # ###--.-- ---|- # # #-----# # #+....##%###....| ##### #|...|# # |...| |..<| ---.-# #-...|# % #-...| |...| |...+# |...-# ### ###|...| |...| |...| |...| # # |...| |#..| |..<| |...| ------|----- ### -|--- ---+- |...-###########%# ----- |......{...| # # # |...| |..........-## ----- ------------ Swag the Skirmisher Experience level: 5 Strength: 14 Dexterity: 13 Constitution: 20 Intelligence: 9 Wisdom: 7 Charisma: 8 Health: 0(58) Energy: 3(3) Def: 0 Gold: 72 Moves: 6824 Dungeon seed: iOzMsOwDL-LAYunu Game ID: Swag_1507101859 Your Inventory: Coins $ - 72 gold pieces Comestibles l - an uncursed partly eaten orange m - 2 uncursed slime molds Scrolls B - a blessed scroll of enchant armor Spellbooks y - an uncursed spellbook of knock Potions C - a blessed potion of hallucination Rings s - an uncursed ring of protection from shape changers Tools d - an uncursed oil lamp (0:1023) g - an uncursed lock pick i - an uncursed oil lamp (0:1243) Spells and supernatural/magical abilities: Name Level Category Fail Memory k - knock 1 matter 72% 95% W - pray for help -- divine ? -- Your skills at the end: Fighting Skills Weapon Skills dagger [Basic] long sword [Basic] Spellcasting Skills Final Attributes: You were piously aligned. You were cold resistant. You had infravision. You were stealthy. You are dead. Vanquished creatures: a bugbear a yellow light 2 kobold mummies a giant ant a little dog a kitten 2 homunculi 2 rothes an orc zombie a dwarf zombie a wererat 2 iguanas an acid blob 3 coyotes 4 manes a large kobold 3 hobgoblins a cave spider 3 yellow molds 2 garter snakes a gnome zombie 6 geckos 10 jackals 2 foxes a kobold 2 goblins 5 sewer rats 6 grid bugs 2 bats 10 lichens a kobold zombie 3 newts 83 creatures vanquished. Voluntary challenges: You had been an atheist until turn 3267. You used a wielded weapon 209 times, starting on turn 1. You read items or engraved 2016 times, starting on turn 2784. You never genocided any monsters. You never polymorphed an object. You changed form 1 time, starting on turn 3267. You used no wishes. You never split a pudding. You wrote Elbereth's name 1964 times, starting on turn 2784. You never violated your personal moral code. Dungeon overview: The Dungeons of Doom: levels 1 to 8 Level 1 a fountain a long staircase Level 2 some fountains a long staircase Level 3 Level 4 some fountains Level 5 many fountains Level 6 <- You were here a fountain, a sink a long staircase Level 7 Level 8 History has recorded: On T:1 you entered the Dungeons of Doom to retrieve the Amulet of Yendor! On T:187 you advanced to experience level 2. On T:511 you reached level 2 of The Dungeons of Doom. On T:1013 you reached level 3 of The Dungeons of Doom. On T:1083 you reached level 4 of The Dungeons of Doom. On T:1085 you advanced to experience level 3. On T:1710 you advanced to experience level 4. On T:2209 you reached level 5 of The Dungeons of Doom. On T:2587 you reached level 6 of The Dungeons of Doom. On T:2659 you reached level 7 of The Dungeons of Doom. On T:2735 you advanced to experience level 5. On T:2781 you reached level 8 of The Dungeons of Doom. Score breakdown: Gold: 72 ( 6338 points) Experience: 5 levels (11141 points) Exploration: 8 levels ( 16.00%) (11338 points) Discoveries: 5 items ( 2.04%) ( 4285 points) Valuables value: (no points given unless you survive) Artifact value: 0 ( 0 points) Variety of kills: 32 monsters ( 8.40%) ( 8694 points) Turncount: 6824 turns (-1814 points) Survival: died (score multiplied by 80%) Total score: 31985 Latest messages: You add to the writing in the dust with your fingers. The giant bat turns to flee! The dingo turns to flee! You hit the mountain nymph. You add to the writing in the dust with your fingers. The giant ant turns to flee! You add to the writing in the dust with your fingers. The grid bug turns to flee! You miss the grid bug. The Mordor orc turns to flee! You hit the Mordor orc. (2x) You miss the Mordor orc. The Mordor orc wields a knife! You hit the Mordor orc. You miss the Mordor orc. The Mordor orc thrusts his knife. The Mordor orc hits! You miss the Mordor orc. You hit the Mordor orc. The Mordor orc thrusts his knife. The Mordor orc hits! You die... Final status: Farvel Swag the Valkyrie, killed by a Mordor orc... You died in The Dungeons of Doom on dungeon level 6 with 31985 points, and 72 pieces of gold, after 6824 moves. You were level 5 with a maximum of 58 hit points when you died.